 Dungeon Crawl Stone Soup version 0.27.1-3-gb3d3a73c9e (webtiles) character file.

Game seed: 3003875873113490593

21576 Crownlay the Geomancer (level 12, -7/73 HPs)
             Began as a Gargoyle Earth Elementalist on Oct 9, 2021.
             Was an Elder of Vehumet.
             Mangled by an orc warrior (16 damage)
             ... in a bailey.
             The game lasted 00:38:35 (12268 turns).

Crownlay the Geomancer (GrEE)                      Turns: 12268, Time: 00:38:35

Health: -7/73      AC: 18    Str: 13    XL:     12   Next: 91%
Magic:  26/34      EV: 12    Int: 28    God:    Vehumet [****..]
Gold:   748        SH:  0    Dex: 12    Spells: 14/29 levels left

rFire    + + .     SeeInvis .   N - +11 morningstar of Popular Demand {freeze, rF+ Int+8 Dex-4}
rCold    + + .     Faith    .   (no shield)
rNeg     + . .     Spirit   .   H - +2 robe {rC+}
rPois    ∞         Reflect  .   y - +2 helmet
rElec    +         Harm     .   u - scarf {rC+ rF+}
rCorr    .         Rampage  .   M - +1 pair of gloves
Will     .....                  o - +0 pair of boots
Stlth    ++++......             F - amulet of magic regeneration
HPRegen  0.22/turn              v - ring of magical power
MPRegen  0.49/turn              I - +6 ring of dexterity

@: no status effects
A: sickness immunity, AC +8, negative energy resistance 1, electricity
resistance, torment resistance 1, petrification resistance
a: Renounce Religion


You were in a bailey.
You worshipped Vehumet.
Vehumet was greatly pleased with you.
You visited 2 branches of the dungeon, and saw 12 of its levels.
You also visited: Ossuary and Bailey.

You collected 788 gold pieces.
You spent 40 gold pieces at shops.

Inventory:

Hand Weapons
 m - a +4 dagger of venom
 N - the +11 morningstar of Popular Demand (weapon) {freeze, rF+ Int+8 Dex-4}
   (You took it off an efreet on level 10 of the Dungeon)

   It freezes those it strikes, dealing additional cold damage.
   It can also slow down cold-blooded creatures.
   Int:       It affects your intelligence (+8).
   Dex:       It affects your dexterity (-4).
   rF:        It protects you from fire.
 R - the +9 heavy crossbow "Sniper" {vorpal, Acc+∞ SInv}
   (You found it on level 10 of the Dungeon)

   Any ammunition fired from it inflicts extra damage upon your enemies.
   Any ammunition fired from it never misses its target.
   SInv:      It lets you see invisible.
Missiles
 c - 109 stones
 k - 2 silver javelins
 U - 82 bolts
Armour
 o - a +0 pair of boots (worn)
 u - a scarf of resistance (worn)
 y - a +2 helmet (worn)
 A - a +0 robe of willpower
 B - a +0 kite shield
 H - a +2 robe of cold resistance (worn)
 M - a +1 pair of gloves (worn)
Magical Staves
 K - a staff of death
 T - a staff of air
Jewellery
 v - a ring of magical power (left hand)
 F - an amulet of magic regeneration (around neck)
 G - a +4 ring of slaying
 I - a +6 ring of dexterity (right hand)
 O - a ring of protection from cold
 P - a ring of protection from fire
 Q - the ring of Faryad {rN+ MP+9 Str+2}
   (You found it on level 10 of the Dungeon)

   [ring of magical power]

   Str:       It affects your strength (+2).
   rN:        It protects you from negative energy.
   MP:        It affects your magic capacity (+9).
Wands
 j - a wand of paralysis (8)
 L - a wand of polymorph (19)
Scrolls
 a - 2 scrolls of enchant weapon {unknown}
 d - 4 scrolls of noise
 e - 4 scrolls of teleportation
 f - a scroll of amnesia
 n - 5 scrolls of fear
 p - 2 scrolls of enchant armour {unknown}
 r - a scroll of immolation {unknown}
 s - 3 scrolls of magic mapping
 t - a scroll of summoning {unknown}
 E - a scroll of fog {unknown}
 J - a scroll of vulnerability {unknown}
Potions
 b - a potion of lignification {unknown}
 g - 4 potions of heal wounds
 h - 3 potions of cancellation {unknown}
 i - 3 potions of magic {unknown}
 l - 4 potions of attraction {unknown}
 q - 3 potions of haste {unknown}
 w - 5 potions of mutation {unknown}
 x - 3 potions of brilliance {unknown}
 z - 4 potions of curing {unknown}
 C - 2 potions of might {unknown}
 D - 2 potions of flight {unknown}
 V - 2 potions of invisibility {unknown}
Miscellaneous
 S - a phantom mirror (inert)


   Skills:
 * Level 8.0 Fighting
 - Level 1.5 Dodging
 + Level 10.2 Stealth
 + Level 9.1 Shields
 - Level 9.4 Spellcasting
 * Level 8.0 Conjurations
 - Level 0.7 Transmutations
 - Level 10.6 Earth Magic


You had 14 spell levels left.
You knew the following spells:

 Your Spells              Type           Power      Damage    Failure   Level
a - Sandblast             Erth           100%       2d20      1%          1
b - Stone Arrow           Conj/Erth      100%       3d13      1%          3
c - Starburst             Conj/Fire      17%        6d6       30%         6
d - Lee's Rapid Deconstr  Erth           32%        3d17*     1%          5

Your spell library contained the following spells:

 Spells                   Type           Power      Damage    Failure   Level
 Passwall                 Tmut/Erth      36%        N/A       1%          2
 Dazzling Flash           Conj/Hex       70%        N/A       1%          3
 Iskenderun's Mystic Bla  Conj/Tloc      35%        2d8       2%          4
 Animate Skeleton         Necr           26%        N/A       4%          1
 Apportation              Tloc           26%        N/A       4%          1
 Corona                   Hex            14%        N/A       4%          1
 Summon Small Mammal      Summ           52%        N/A       4%          1
 Petrify                  Tmut/Erth      44%        N/A       4%          4
 Slow                     Hex            13%        N/A       6%          2
 Confusing Touch          Hex            13%        N/A       13%         3
 Portal Projectile        Hex/Tloc       26%        N/A       13%         3
 Vampiric Draining        Necr           6%         2d6       13%         3
 Blade Hands              Tmut           8%         N/A       65%         5
 Excruciating Wounds      Necr           6%         N/A       75%         5


Dungeon Overview and Level Annotations

Branches:
Dungeon (11/15)            Temple (1/1) D:4            Lair (0/6) D:11
    Orc (0/2) D:10        Ossuary (visited)          Bailey (1/1)

Altars:
Cheibriados
Elyvilon
Gozag
Hepliaklqana
Kikubaaqudgha
Ru
Uskayaw
Vehumet
Xom
Yredelemnul
Zin
The Shining One

Shops:
D:1 [   D:2 [   D:5 *   D:10 ([

Annotations:
D:10 1 runed translucent door


Innate Abilities, Weirdness & Mutations

You are immune to sickness and miasma.
Your stone body is resilient. (AC +8)
You are immune to poison.
You resist negative energy. (rN+)
You are resistant to electric shocks. (rElec)
You are resistant to unholy torment.
You are immune to petrification.


Message History

Okay, then.
Unknown command.
Casting: Stone Arrow (safe; 1% risk of failure)
Confirm with . or Enter, or press ? or * to list all spells.
Aiming: Stone Arrow (safe; 1% risk of failure)
Press: ? - help, Shift-Dir - straight line, f - orc knight, p - orc warrior
Aim: an orc knight, wielding a +0 trident and wearing a +0 plate armour (78% to hit)
The stone arrow hits the orc knight!!
The orc knight is moderately wounded.
The orc warrior hits you from afar with a +0 halberd!
The orc knight hits you but does no damage.
Casting: Stone Arrow (safe; 1% risk of failure)
Confirm with . or Enter, or press ? or * to list all spells.
Aiming: Stone Arrow (safe; 1% risk of failure)
Press: ? - help, Shift-Dir - straight line, f/p - orc knight
Aim: an orc knight, wielding a +0 trident and wearing a +0 plate armour (moderately wounded, 78% to hit)
The stone arrow hits the orc knight.
The orc knight is moderately wounded.
The orc warrior hits you from afar with a +0 halberd.
The orc knight hits you but does no damage.
Your orc knight completely misses the orc warrior.
Casting: Stone Arrow (safe; 1% risk of failure)
Confirm with . or Enter, or press ? or * to list all spells.
Aiming: Stone Arrow (safe; 1% risk of failure)
Press: ? - help, Shift-Dir - straight line, f/p - orc knight
Aim: an orc knight, wielding a +0 trident and wearing a +0 plate armour (moderately wounded, 78% to hit)
The stone arrow hits the orc knight!
The orc knight is severely wounded.
The orc warrior closely misses you. The orc hits you but does no damage.
The orc warrior hits you from afar with a +0 halberd!
* * * LOW HITPOINT WARNING * * *
The orc knight hits you from afar with a +0 trident!
* * * LOW HITPOINT WARNING * * *
The orc knight completely misses your orc knight.
The orc hits your orc knight with a +0 halberd.
Your orc knight hits the orc warrior from afar with a +0 trident!
The orc warrior dies!
Vehumet accepts your kill.
The orc warrior hits you with a +0 war axe!
You die...

#..).)..#
#.......#
#.(ooo..#
#...o...#
#...o...#
#.o)..#
##'o'##
#.o...#
#..@..#
#.....#
#.....#
#.....#
##'''##
##.....##
#)......#
#.......#
#.......#


You could see 2 orc knights, 2 orc warriors, 3 orcs and a friendly orc knight
(summoned, drained).

Vanquished Creatures
  An ogre mage (D:10)
  Erica (D:8)
  2 two-headed ogres
  A tengu warrior (D:10)
  A skeletal warrior (D:10)
  2 deep elf pyromancers (D:10)
  An ugly thing (D:10)
  A manticore (D:10)
  2 cyclopes (D:10)
  An efreet (D:10)
  2 hornets
  5 yaks
  A wraith (D:10)
  6 wyverns
  2 steam dragons
  A vampire (D:11)
  A water moccasin (D:6)
  5 orc warriors
  A sky beast (D:6)
  A necrophage (D:6)
  A black bear (D:7)
  3 ogres
  3 centaurs
  An elf zombie (Ossuary)
  Blork the orc (D:5)
  3 bullfrogs
  5 gnoll sergeants
  3 scorpions
  10 wights
  7 killer bees
  4 howler monkeys
  3 centaur zombies
  3 orc priests
  A hound (D:5)
  2 jellies (D:6)
  A centaur skeleton (D:4)
  5 iguanas
  Jessica (D:2)
  6 orc wizards
  Natasha (thrice) (D:2)
  2 mummies (Ossuary)
  12 gnolls
  A howler monkey skeleton (D:6)
  10 adders
  A shadow imp (D:5)
  3 white imps
  An adder skeleton (D:4)
  4 dart slugs
  55 orcs
  6 ball pythons
  4 bats
  10 endoplasms
  3 giant cockroaches
  11 goblins
  8 hobgoblins
  14 jackals
  5 kobolds
  4 quokkas
  2 frilled lizards
  2 goblin zombies (Ossuary)
  8 hobgoblin zombies (Ossuary)
  4 jackal zombies (Ossuary)
  10 kobold zombies (Ossuary)
  9 orc zombies (Ossuary)
  6 rats
  A rat zombie (Ossuary)
300 creatures vanquished.

Vanquished Creatures (collateral kills)
  An orc warrior (Bailey)
  2 orcs (Bailey)
3 creatures vanquished.

Vanquished Creatures (others)
  4 fungi (D:2)
  2 plants (D:2)
6 creatures vanquished.

Grand Total: 309 creatures vanquished

Notes
Turn   | Place    | Note
-------+----------+-------------------------------------------
     0 | D:1      | Crownlay the Gargoyle Earth Elementalist began the quest
                  | for the Orb.
     0 | D:1      | Reached XP level 1. HP: 10/10 MP: 3/3
    30 | D:1      | Found Diyzxal's Antique Armour Emporium.
   179 | D:1      | Reached XP level 2. HP: 14/15 MP: 0/5
   282 | D:1      | You fall into a shaft and drop 1 floor!
   283 | D:2      | Noticed Jessica
   289 | D:2      | Killed Jessica
   290 | D:2      | Reached XP level 3. HP: 19/19 MP: 1/7
   411 | D:2      | Reached XP level 4. HP: 15/24 MP: 3/8
   575 | D:2      | Noticed Natasha
   579 | D:2      | Killed Natasha
   580 | D:2      | Reached skill level 5 in Earth Magic
   600 | D:2      | Found Cenonledd's Antique Armour Boutique.
   871 | D:1      | Learned a level 3 spell: Stone Arrow
  1669 | D:2      | Reached XP level 5. HP: 26/28 MP: 10/10
  1754 | D:2      | Found a sacrificial altar of Ru.
  1956 | D:2      | Found a faded altar of an unknown god.
  2047 | D:2      | Noticed Natasha
  2051 | D:2      | Killed Natasha
  2213 | D:2      | Noticed Natasha
  2225 | D:2      | Killed Natasha
  2733 | D:3      | Reached XP level 6. HP: 32/32 MP: 12/12
  3600 | D:4      | Reached XP level 7. HP: 36/36 MP: 8/14
  3606 | D:4      | Reached skill level 5 in Spellcasting
  4232 | D:4      | Found a staircase to the Ecumenical Temple.
  4248 | Temple   | Entered the Ecumenical Temple
  4270 | Temple   | Became a worshipper of Vehumet
  4464 | D:5      | Entered Level 5 of the Dungeon
  4622 | D:5      | Reached XP level 8. HP: 41/41 MP: 16/16
  4743 | D:5      | Found Sotramm's General Store.
  4760 | D:5      | Bought a scroll of identify for 20 gold pieces
  4760 | D:5      | Bought a scroll of identify for 20 gold pieces
  5281 | D:5      | Reached * piety under Vehumet
  5281 | D:5      | Offered knowledge of Foxfire by Vehumet.
  5290 | D:5      | Noticed Blork the orc
  5300 | D:5      | Killed Blork the orc
  5840 | D:6      | HP: 1/41 [wight (12)]
  5846 | D:6      | Reached skill level 10 in Earth Magic
  6075 | D:6      | Found a sand-covered staircase.
  6084 | Ossuary  | Entered an ossuary
  6170 | Ossuary  | Reached XP level 9. HP: 45/45 MP: 18/18
  6190 | Ossuary  | Reached skill level 5 in Stealth
  6201 | Ossuary  | Offered knowledge of Magic Dart by Vehumet.
  6217 | Ossuary  | Reached ** piety under Vehumet
  7392 | D:7      | Reached skill level 1 in Fighting
  7392 | D:7      | Reached skill level 1 in Conjurations
  7554 | D:7      | Found a glowing silver altar of Zin.
  8204 | D:8      | Noticed a hornet
  8210 | D:8      | Killed a hornet
  8234 | D:8      | Noticed Erica
  8243 | D:8      | Killed Erica
  8244 | D:8      | Reached XP level 10. HP: 56/56 MP: 19/21
  8357 | D:8      | Offered knowledge of Poisonous Vapours by Vehumet.
  9105 | D:9      | Noticed a two-headed ogre
  9113 | D:9      | Killed a two-headed ogre
  9114 | D:9      | Reached skill level 5 in Fighting
  9114 | D:9      | Reached skill level 5 in Conjurations
  9305 | D:9      | Reached *** piety under Vehumet
  9765 | D:10     | Entered Level 10 of the Dungeon
  9765 | D:10     | Found Tuqugul's Weapon Shoppe.
  9767 | D:10     | Found a staircase to the Orcish Mines.
  9802 | D:10     | Found Maebleot's Armour Shoppe.
  9909 | D:10     | Reached XP level 11. HP: 48/64 MP: 23/23
 10536 | D:10     | Noticed a cyclops
 10541 | D:10     | Killed a cyclops
 10543 | D:10     | Noticed a two-headed ogre
 10543 | D:10     | Noticed a cyclops
 10550 | D:10     | Noticed a skeletal warrior
 10550 | D:10     | Killed a cyclops
 10550 | D:10     | Offered knowledge of Airstrike by Vehumet.
 10551 | D:10     | Noticed a deep elf pyromancer
 10573 | D:10     | Killed a two-headed ogre
 10878 | D:10     | Noticed a tengu warrior
 10936 | D:10     | Noticed a manticore
 10947 | D:10     | Killed a manticore
 10983 | D:10     | Killed a deep elf pyromancer
 10988 | D:10     | Noticed a deep elf pyromancer
 11005 | D:10     | Killed a deep elf pyromancer
 11013 | D:10     | Noticed an ogre mage
 11016 | D:10     | Noticed a white ugly thing
 11019 | D:10     | Killed an ogre mage
 11036 | D:10     | Killed a white ugly thing
 11037 | D:10     | Reached skill level 10 in Stealth
 11194 | D:10     | Identified the +11 morningstar of Popular Demand {freeze,
                  | rF+ Int+8 Dex-4}
 11199 | D:10     | Killed a tengu warrior
 11245 | D:10     | Learned a level 6 spell: Starburst
 11271 | D:10     | Found a runed translucent door.
 11357 | D:10     | Found the +9 heavy crossbow "Sniper" {vorpal, Acc+∞ SInv}
 11359 | D:10     | Identified the ring of Faryad {rN+ MP+9 Str+2}
 11413 | D:10     | Killed a skeletal warrior
 11414 | D:10     | Reached skill level 1 in Shields
 11916 | D:11     | Found a staircase to the Lair.
 11958 | D:11     | Found a flagged portal.
 11979 | Bailey   | Entered a bailey
 11994 | Bailey   | Reached **** piety under Vehumet
 12100 | Bailey   | Offered knowledge of Lee's Rapid Deconstruction by Vehumet.
 12117 | Bailey   | Learned a level 5 spell: Lee's Rapid Deconstruction
 12254 | Bailey   | Reached XP level 12. HP: 73/73 MP: 25/25
 12268 | Bailey   | Mangled by an orc warrior

Illustrated notes

Levels and vault maps discovered:
D:1:      minmay_arrival_stair_chambers, layout_basic, serial_shops,
          nicolae_shop_crystal, nrook_mini_vaults, minmay_heptomino_l4
D:2:      layout_rooms, serial_shops, shop_statue,
          shapermc_ecumenical_altar_ellora, basic_altar, minmay_misc_feat_iff,
          uniq_natasha, uniq_jessica
D:3:      layout_basic
D:4:      layout_loops_ring, minmay_temple_entry_statues_fountains
D:5:      layout_gridville, serial_shops, shop, sword_in_stone
D:6:      layout_basic, nicolae_ossuary_entry_false_entrances, minivault_27
D:7:      layout_basic, lemuel_tele_altar
D:8:      layout_layer_cave, uniq_erica
D:9:      layout_rooms
D:10:     minmay_the_grid_four_pointed_star
          [minmay_the_grid_triangle_9x9_from_above,
          minmay_the_grid_triangle_9x9_descending_squares,
          minmay_the_grid_triangle_9x9_semitri,
          minmay_the_grid_triangle_9x9_subtriangle,
          minmay_the_grid_prize_shrinking_boxes], layout_cave_pods, orc_david_3
D:11:     layout_long_grid, lair_entry_dummy, enter_bailey_2, uniq_josephine
Temple:   grunt_wide_crystal_templ
Bailey:   bailey_polearm_5, bailey

Skill      XL: |  1  2  3  4  5  6  7  8  9 10 11 |
---------------+----------------------------------+-----
Earth Magic    | 4 5 6 8 10 | 10.6
Spellcasting   | 3 4 5 6 7 8 9 |  9.4
Stealth        | 4 7 8 10 | 10.2
Fighting       | 4 6 8 |  8.0
Conjurations   | 4 6 8 |  8.0
Shields        | 9 |  9.1
Dodging        | |  1.5
Transmutations | |  0.7

Action                   |  1- 3 |  4- 6 |  7- 9 | 10-12 || total
-------------------------+-------+-------+-------+-------++-------
Melee: Unarmed           |     1 |       |       |       ||     1
       Dagger            |    16 |   170 |   151 |    11 ||   348
 Fire: Heavy crossbow    |       |       |       |     9 ||     9
 Cast: Sandblast         |    17 |    57 |   124 |   131 ||   329
       Stone Arrow       |       |       |    30 |    62 ||    92
Evoke: Phantom mirror    |       |       |       |     1 ||     1
  Use: Scroll            |       |       |     6 |     3 ||     9
       Potion            |       |       |     1 |     1 ||     2
 Stab: Sleeping          |       |     8 |     8 |     1 ||    17
Armor: Robe              |    10 |    80 |    84 |    80 ||   254
Dodge: Dodged            |    21 |    98 |   107 |   125 ||   351
